 Dungeon Crawl Stone Soup version 0.21-a0-421-gfc1ce30 (webtiles) character file.

6550 McNobody the Slicer (level 10, -15/79 HPs)
             Began as a Mummy Venom Mage on Nov 4, 2017.
             Was a Priest of Kikubaaqudgha.
             Demolished by a red ugly thing (18 damage)
             ... on level 10 of the Dungeon.
             The game lasted 00:35:27 (15022 turns).

McNobody the Slicer (Mummy Venom Mage)             Turns: 15022, Time: 00:35:28

Health: -15/79     AC:  9    Str: 12    XL:     10   Next: 70%
Magic:  7/19       EV: 12    Int: 17    God:    Kikubaaqudgha [***...]
Gold:   640        SH:  0    Dex: 13    Spells: 2/21 levels left

rFire    x . .     SeeInvis .   o - +0 rapier (elec)
rCold    + + .     Gourm    .   (no shield)
rNeg     + + +     Faith    .   g - +2 robe {rN+}
rPois    ∞         Spirit   .   h - +2 helmet
rElec    .         Reflect  .   (no cloak)
rCorr    .         Harm     .   (no gloves)
MR       +....                  k - +1 pair of boots
Stlth    +.........             (no amulet)
HPRegen  0.23/turn              l - ring of loudness
MPRegen  0.16/turn              a - ring of protection from cold

@: no status effects
A: no food or potions, fire vulnerability, cold resistance 1, negative energy
resistance 3, torment resistance, unbreathing
a: Receive Corpses, Renounce Religion


You were on level 10 of the Dungeon.
You worshipped Kikubaaqudgha.
Kikubaaqudgha was most pleased with you.
You were not hungry.

You visited 1 branch of the dungeon, and saw 10 of its levels.
You also visited: Sewer.

You collected 640 gold pieces.

Inventory:

Hand Weapons
 c - a +0 short sword
 o - a +0 rapier of electrocution (weapon)
 w - a +3 halberd
Missiles
 e - 371 stones (quivered)
Armour
 g - a +2 robe of positive energy (worn)
 h - a +2 helmet (worn)
 k - a +1 pair of boots (worn)
Magical Staves
 s - an uncursed staff of energy
Jewellery
 a - a ring of protection from cold (right hand)
 l - a ring of loudness (left hand)
 m - an uncursed ring of positive energy
Wands
 f - a wand of polymorph (9/24)
 j - a wand of clouds (0/9)
 n - a wand of flame (0/48)
 u - a wand of iceblast (7/15)
 x - a wand of flame (35/48)
 y - a wand of lightning (1/15)
 z - a wand of iceblast (5/15)
Scrolls
 d - 2 scrolls of magic mapping
 i - 5 scrolls of remove curse
 p - 2 scrolls of immolation
 q - 3 scrolls of enchant weapon
 r - a scroll of fear {unknown}
 v - a scroll of amnesia
 A - a scroll of teleportation
 C - a scroll of identify
Books
 b - a Young Poisoner's Handbook

   Spells                             Type                      Level
   a - Sting                          Conjuration/Poison           1
   b - Poisonous Vapours              Poison/Air                   2
   c - Mephitic Cloud                 Conjuration/Poison/Air       3
   d - Olgreb's Toxic Radiance        Poison                       4
   e - Venom Bolt                     Conjuration/Poison           5
 t - Kikubaaqudgha's Tome of Sinister Rites
   (Kikubaaqudgha gifted it to you in a sewer)

   Spells                             Type                      Level
   a - Animate Skeleton               Necromancy                   1
   b - Pain                           Necromancy                   1
   c - Corpse Rot                     Necromancy                   2
   d - Vampiric Draining              Necromancy                   3
   e - Control Undead                 Necromancy                   4
 B - Kikubaaqudgha's Almanac of Unholy Arts
   (Kikubaaqudgha gifted it to you on level 9 of the Dungeon)

   Spells                             Type                      Level
   a - Animate Dead                   Necromancy                   4
   b - Excruciating Wounds            Charms/Necromancy            5
   c - Bolt of Draining               Conjuration/Necromancy       5
   d - Agony                          Necromancy                   5
   e - Dispel Undead                  Necromancy                   5
Miscellaneous
 D - a crystal ball of energy


   Skills:
 + Level 7.5 Fighting
 + Level 8.3 Short Blades
 - Level 1.5 Dodging
 - Level 1.5 Stealth
 - Level 6.4 Spellcasting
 - Level 4.0 Conjurations
 - Level 6.2 Necromancy
 - Level 4.7 Poison Magic


You had 2 spell levels left.
You knew the following spells:

 Your Spells              Type           Power        Failure   Level  Hunger
a - Corpse Rot            Necr           N/A          1%          2    N/A
b - Poisonous Vapours     Pois/Air       ##....       7%          2    N/A
c - Mephitic Cloud        Conj/Pois/Air  ###.....     11%         3    N/A
d - Olgreb's Toxic Radia  Pois           ###.....     17%         4    N/A
e - Vampiric Draining     Necr           ####......   2%          3    N/A
f - Animate Skeleton      Necr           N/A          1%          1    N/A
g - Control Undead        Necr           ####......   10%         4    N/A

Dungeon Overview and Level Annotations

Branches:
Dungeon (10/15)            Temple (0/1) D:6             Orc (0/2) D:9
   Lair: D:8-11

Altars:
Cheibriados
Elyvilon
Gozag
Kikubaaqudgha
Sif Muna

Shops:
D:5 %

Annotations:
D:3 Jm2c's ghost, amateur HOFE
D:8 anything's ghost, novice DgFi


Innate Abilities, Weirdness & Mutations

You do not eat or drink.
Your flesh is vulnerable to fire.
You are immune to poison.
Your flesh is cold resistant. (rC+)
You are immune to negative energy. (rN+++)
You are immune to unholy pain and torment.
You can survive without breathing.


Message History

Casting: Poisonous Vapours
Confirm with . or Enter, or press ? or * to list all spells.
Okay, then.
Unknown command.
Evoke which item? (* to show all) (? for menu, Esc to quit)
Okay, then.
Casting: Poisonous Vapours
Confirm with . or Enter, or press ? or * to list all spells.
Okay, then.
Casting: Poisonous Vapours
Confirm with . or Enter, or press ? or * to list all spells.
Aiming: Vampiric Draining
Press: ? - help, Shift-Dir - straight line, f/p - red ugly thing
Aim: a red ugly thing (severely wounded, poisoned)
The red ugly thing is severely wounded.
You feel life coursing into your body. The red ugly thing punches you!
* * * LOW HITPOINT WARNING * * *
You are engulfed in flames!!
The fire burns you terribly!
You die...
Kikubaaqudgha rasps: "You have failed me!
Welcome... oblivion!"

.## ### #..# ## #.. #..#
#. #.# #..# #. #.# #..#
#( #.# #..# #. #.#####..#
#. #..u@....###########.
#.#####............+.
#.#...#..#########...
#.#.#.#..# #.##
#.#.#.#..# ##.#.
#...#.#..# #..#.
##..#####.#.## #....
..........#.# #..#.
....#####.#.#########..#.


You could see a red ugly thing.

Vanquished Creatures
  2 two-headed ogres
  A troll (D:9)
  2 hornets (D:9)
  3 hippogriffs
  A hungry ghost (D:8)
  Menkaure (D:7)
  An acid dragon (D:9)
  Duvessa (D:5)
  2 ice beasts
  3 orc warriors
  An eye of draining (D:8)
  3 ogres
  2 centaurs (D:8)
  A crocodile (D:8)
  5 bullfrogs
  7 big kobolds
  Dowan (D:5)
  A water moccasin zombie (D:9)
  2 scorpions
  3 wights (D:7)
  2 crimson imps
  A bullfrog zombie (D:7)
  3 hounds
  2 jellies
  6 orc priests
  6 orc wizards
  5 iguanas
  7 worker ants
  A hound skeleton (D:5)
  5 gnolls
  14 adders
  A shadow imp (D:9)
  An adder skeleton (D:4)
  An adder zombie (D:8)
  6 worms
  A dart slug (D:2)
  3 leopard geckos
  16 orcs
  A ball python (D:3)
  7 giant cockroaches
  4 goblins
  3 hobgoblins
  13 jackals
  3 quokkas
  A ball python zombie (D:5)
  8 bats
  5 frilled lizards
  10 kobolds
  A leopard gecko skeleton (D:8)
  3 quokka skeletons
  A quokka zombie (D:5)
  11 rats
195 creatures vanquished.

Vanquished Creatures (collateral kills)
  An orc warrior (D:9)
  An ogre (D:9)
  2 big kobolds (D:9)
  A wight (D:8)
  An iguana (D:6)
  An adder (D:7)
  2 orcs
  A leopard gecko skeleton (D:7)
10 creatures vanquished.

Vanquished Creatures (others)
  A quokka (D:7)
1 creature vanquished.

Grand Total: 206 creatures vanquished

Notes
Turn   | Place    | Note
-------+----------+-------------------------------------------
     0 | D:1      | McNobody the Mummy Venom Mage began the quest for the Orb.
     0 | D:1      | Reached XP level 1. HP: 13/13 MP: 4/4
   199 | D:1      | Reached skill level 1 in Conjurations
   485 | D:1      | Reached XP level 2. HP: 15/19 MP: 0/6
   544 | D:1      | Learned a level 2 spell: Poisonous Vapours
  1144 | D:2      | Reached XP level 3. HP: 6/24 MP: 0/7
  2090 | D:2      | Learned a level 3 spell: Mephitic Cloud
  2379 | D:2      | Reached XP level 4. HP: 30/30 MP: 5/9
  2520 | D:2      | Learned a level 4 spell: Olgreb's Toxic Radiance
  2685 | D:3      | Noticed Jm2c's ghost (amateur HOFE)
  3419 | D:3      | Found an ancient bone altar of Kikubaaqudgha.
  3454 | D:3      | Became a worshipper of Kikubaaqudgha
  3909 | D:4      | Reached XP level 5. HP: 23/35 MP: 6/11
  4651 | D:4      | Reached XP level 6. HP: 28/41 MP: 8/13
  4826 | D:4      | Reached skill level 5 in Spellcasting
  5755 | D:4      | Found a deep blue altar of Sif Muna.
  5886 | D:5      | Entered Level 5 of the Dungeon
  6036 | D:5      | Noticed an ice beast
  6048 | D:5      | Killed an ice beast
  6048 | D:5      | Reached XP level 7. HP: 34/46 MP: 15/15
  6098 | D:5      | Noticed Dowan
  6100 | D:5      | Noticed Duvessa
  6123 | D:5      | Killed Duvessa
  6133 | D:5      | Killed Dowan
  6201 | D:5      | Found a glowing drain.
  6228 | Sewer    | Entered a sewer
  6372 | Sewer    | Reached * piety under Kikubaaqudgha
  6372 | Sewer    | Identified Kikubaaqudgha's Tome of Sinister Rites (Kikubaaqudgha gifted it to you in a sewer)
  6372 | Sewer    | Received a gift from Kikubaaqudgha
  6400 | Sewer    | Learned a level 2 spell: Corpse Rot
  6404 | Sewer    | Learned a level 3 spell: Vampiric Draining
  6421 | Sewer    | Found a white marble altar of Elyvilon.
  6569 | D:5      | Found Mitsoet's Food Boutique.
  7383 | D:6      | Found a snail-covered altar of Cheibriados.
  7566 | D:6      | Learned a level 1 spell: Animate Skeleton
  7627 | D:6      | Reached skill level 1 in Short Blades
  7627 | D:6      | Reached skill level 1 in Necromancy
  8119 | D:6      | Reached XP level 8. HP: 52/52 MP: 17/17
  8148 | D:6      | Reached skill level 2 in Short Blades
  8319 | D:6      | Found a staircase to the Ecumenical Temple.
  8684 | D:7      | Noticed a hippogriff
  8692 | D:7      | Killed a hippogriff
  8692 | D:7      | Reached skill level 3 in Short Blades
  9051 | D:7      | Found a white marble altar of Elyvilon.
  9482 | D:7      | Reached skill level 4 in Short Blades
  9488 | D:7      | Reached skill level 5 in Necromancy
  9598 | D:7      | Reached ** piety under Kikubaaqudgha
  9852 | D:7      | Noticed Menkaure
  9855 | D:7      | Killed Menkaure
 10134 | D:8      | Noticed anything's ghost (novice DgFi)
 10136 | D:8      | Reached XP level 9. HP: 57/57 MP: 9/18
 10541 | D:7      | Learned a level 4 spell: Control Undead
 11027 | D:8      | Reached skill level 5 in Short Blades
 11268 | D:8      | Noticed a two-headed ogre
 11304 | D:9      | Reached skill level 1 in Fighting
 12012 | D:9      | Reached skill level 6 in Short Blades
 12771 | D:9      | Found a staircase to the Orcish Mines.
 12771 | D:9      | Noticed a troll
 12887 | D:8      | Found an opulent altar of Gozag.
 12905 | D:8      | Reached skill level 5 in Fighting
 12905 | D:8      | Reached XP level 10. HP: 44/74 MP: 9/19
 13106 | D:8      | Killed a two-headed ogre
 13106 | D:8      | Reached skill level 7 in Short Blades
 13358 | D:9      | Reached *** piety under Kikubaaqudgha
 13358 | D:9      | Identified Kikubaaqudgha's Almanac of Unholy Arts (Kikubaaqudgha gifted it to you on level 9 of the Dungeon)
 13358 | D:9      | Received a gift from Kikubaaqudgha
 14280 | D:10     | Entered Level 10 of the Dungeon
 14280 | D:10     | Noticed a two-headed ogre
 14607 | D:10     | Killed a two-headed ogre
 14607 | D:10     | Reached skill level 8 in Short Blades
 14998 | D:10     | Noticed a red ugly thing
 15022 | D:10     | HP: 3/79 [red ugly thing (10)]
 15022 | D:10     | Demolished by a red ugly thing

Vault maps used:
D:1:      dpeg_arrival_three_bigger_balls
D:2:      first_bread
D:3:      kiku_gazebo_garden_becter, feat_on_display
D:4:      cheibrodos_old_hovel, marbit_many_paths
D:5:      gup_sewer_entry_glass, serial_shops, nicolae_shop_statue_plus, shop,
          uniq_duvessa
D:6:      slow_altar_1, minmay_temple_entry_nine_rooms
D:7:      elyvilon_altar_4, uniq_menkaure
D:8:      nicolae_gozag_cash_rules_everything_around_me
D:9:      kennysheep_orc_monster_closet_entryway, hangedman_pestilent_swarm
D:10:     roderic_lattice_a, st_stairs_3, hangedman_misty_isle, uniq_nergalle
Sewer:    sewer_kobolds

Skill      XL: |  1  2  3  4  5  6  7  8  9 10 |
---------------+-------------------------------+-----
Conjurations   | 1 2 3 4 |  4.0
Spellcasting   | 3 4 5 6 |  6.4
Poison Magic   | 3 4 |  4.7
Short Blades   | 1 4 6 8 |  8.3
Necromancy     | 2 5 6 |  6.2
Fighting       | 5 7 |  7.5
Dodging        | |  1.5
Stealth        | |  1.5

Action                   |  1- 3 |  4- 6 |  7- 9 | 10-12 || total
-------------------------+-------+-------+-------+-------++-------
Melee: Short sword       |    18 |    39 |       |       ||    57
       Rapier            |       |    33 |   166 |    23 ||   222
Throw: Stone             |       |       |       |     2 ||     2
 Cast: Sting             |    40 |     2 |       |       ||    42
       Poisonous Vapours |    21 |    56 |    88 |    55 ||   220
       Olgreb's Toxic Ra |       |       |    16 |     2 ||    18
       Animate Skeleton  |       |       |    15 |     6 ||    21
       Corpse Rot        |       |       |     5 |     1 ||     6
       Vampiric Draining |       |       |    14 |     3 ||    17
       Mephitic Cloud    |       |       |     1 |     2 ||     3
       Control Undead    |       |       |     1 |       ||     1
Evoke: Wand              |       |     5 |    17 |       ||    22
  Use: Scroll            |       |    12 |    11 |       ||    23
 Stab: Sleeping          |     1 |     1 |       |       ||     2
       Confused          |       |       |       |     1 ||     1
Armor: Robe              |    15 |    41 |    78 |    14 ||   148
Dodge: Dodged            |    39 |    60 |   168 |    35 ||   302

Table legend:
 A = Spawn XP
 B = Non-spawn XP
 C = Spawn XP percentage of total XP
 D = Spawn monster count
 E = Non-spawn monster count
 F = Spawn count percentage of total count
 G = Total turns spent on level
                    A         B        C        D         E        F      G
               +---------+---------+-------+---------+---------+-------+---------
         Total |       0 |    9358 |   0.0 |       0 |     205 |   0.0 | 15022
               +---------+---------+-------+---------+---------+-------+---------
           D:1 |       0 |      18 |   0.0 |       0 |      10 |   0.0 |  1062
           D:2 |       0 |      89 |   0.0 |       0 |      22 |   0.0 |  2095
           D:3 |       0 |      60 |   0.0 |       0 |      21 |   0.0 |   736
           D:4 |       0 |     462 |   0.0 |       0 |      19 |   0.0 |  2308
           D:5 |       0 |     401 |   0.0 |       0 |      11 |   0.0 |   931
           D:6 |       0 |     572 |   0.0 |       0 |      21 |   0.0 |  1321
           D:7 |       0 |    1254 |   0.0 |       0 |      28 |   0.0 |  2117
           D:8 |       0 |    2231 |   0.0 |       0 |      24 |   0.0 |  1044
           D:9 |       0 |    3111 |   0.0 |       0 |      36 |   0.0 |  2741
          D:10 |       0 |    1057 |   0.0 |       0 |       3 |   0.0 |   436
         Sewer |       0 |     103 |   0.0 |       0 |      10 |   0.0 |   231
               +---------+---------+-------+---------+---------+-------+---------
